[Event "Early-Titled-Tuesday-Blitz-April-23-2024"]
[Site "Chess.com"]
[Date "2024.04.23"]
[Round "9"]
[White "Rodalquilar"]
[Black "Ural_bogatyr"]
[Result "1-0"]
[WhiteElo "2734"]
[BlackElo "2577"]
[TimeControl "180+1"]
[EndTime "9:49:33 PDT"]
[Termination "Rodalquilar won by resignation"]

1. d4 Nf6 2. Nf3 d5 3. Bf4 c5 4. e3 Nc6 5. c3 Nh5 6. Bg5 h6 7.
Bh4 g5 8. Bg3 Nxg3 9. hxg3 Bg7 10. dxc5 Bf5 11. Bd3 Bxd3 12. Qxd3 e6 13. Nbd2 Qe7 14.
Nb3 O-O 15. e4 Rfd8 16. O-O a5 17. a4 dxe4 18. Qxe4 Rd5 19. Rfd1 Rad8 20. Qe2 e5 21. Rxd5 Rxd5 22. Rd1 Qe6 23. Rxd5 Qxd5 24. Nfd2 Qd7 25.
g4 f5 26. Qc4+ Kh8 27. gxf5 Qxf5 28. Qe4 Qd7 29. Kh2 Qf7 30. f3 Qd7 31. Kg1 Qf7 32.
Kf1 Qd7 33. Ke2 Ne7 34. Nxa5 Nd5 35. g3 Nf6 36. Qxb7 Qxa4 37. Qc8+ Kh7 38. Nac4 g4 39.
fxg4 e4 40. c6 Qc2 41. c7 Qd3+ 42. Kd1 1-0

[Event "Early-Titled-Tuesday-Blitz-April-23-2024"]
[Site "Chess.com"]
[Date "2024.04.23"]
[Round "9"]
[White "ragnaroek66"]
[Black "ViktoriyaTarasova"]
[Result "1-0"]
[WhiteElo "2524"]
[BlackElo "2353"]
[TimeControl "180+1"]
[EndTime "9:49:33 PDT"]
[Termination "ragnaroek66 won on time"]

1. d4 Nf6 2. c4 e6 3. Nf3 b6 4. g3 Ba6 5. Qc2 c5 6. d5 exd5 7. cxd5 Bb7 8. Bg2 Nxd5 9. O-O Be7 10. Rd1 Nc6 11. Qf5 Nf6 12. e4 g6 13. Qf4 O-O 14.
e5 Nh5 15. Qh6 Re8 16. g4 Bf8 17. Qe3 Ng7 18. Qc3 Ne6 19. Be3 Qc7 20. Na3 a6 21. Nc4 Nb4 22. Ne1 Bxg2 23. Nxg2 Qc6 24. a3 Nd5 25.
Qd3 Ndc7 26. Qe2 Nb5 27. f4 Nbd4 28. Qf2 b5 29. Nd2 d6 30. f5 Nc7 31. Bxd4 cxd4 32. Rac1 Qb6 33. Ne4 dxe5 34. Rxc7 Qxc7 35. Nf6+ Kg7 36.
Nd5 Qd6 37. f6+ Kh8 38. Nb4 Rad8 39. Nc2 d3 40. Nce3 e4 41. g5 Qe5 42. Nf4 Bc5 43.
Nfg2 1-0

[Event "Early-Titled-Tuesday-Blitz-April-23-2024"]
[Site "Chess.com"]
[Date "2024.04.23"]
[Round "9"]
[White "gpsji27"]
[Black "rionelG"]
[Result "0-1"]
[WhiteElo "2308"]
[BlackElo "2226"]
[TimeControl "180+1"]
[EndTime "9:49:34 PDT"]
[Termination "rionelG won by resignation"]

1. d4 Nf6 2. Nf3 g6 3. Nc3 d5 4.
Bf4 Bg7 5. e3 O-O 6. Be2 c5 7.
Ne5 Nc6 8. h4 Qa5 9. Qd2 Ne4 10.
Nxe4 dxe4 11. Nxc6 Qxd2+ 12. Kxd2 bxc6 13. dxc5 Bxb2 14. Rab1 Ba3 15. Bf3 exf3 16. gxf3 Bxc5 17. h5 Rd8+ 18. Kc3 Bd6 19. Bxd6 Rxd6 20. hxg6 hxg6 21. Rb4 e5 22. Rbh4 Bb7 23. Rb1 Rd7 24. Rbh1 Rad8 25. Rh8+ Kg7 26. Rxd8 Rxd8 27. Rb1 Ba6 28. Rb4 Rd7 29.
Ra4 Be2 30. f4 exf4 31. exf4 Kf6 32. Re4 Bf3 33. Re3 Bd5 34. Re5 Bxa2 35. Rc5 Bd5 36. Kd4 Re7 37. c3 Re4+ 38. Kd3 Rxf4 39. Ke2 Rc4 40.
Rxc4 Bxc4+ 0-1

[Event "Early-Titled-Tuesday-Blitz-April-23-2024"]
[Site "Chess.com"]
[Date "2024.04.23"]
[Round "9"]
[White "jraosam"]
[Black "Hope_6"]
[Result "0-1"]
[WhiteElo "2012"]
[BlackElo "2635"]
[TimeControl "180+1"]
[EndTime "9:49:35 PDT"]
[Termination "Hope_6 won by resignation"]

1. Nf3 d5 2. d4 Nf6 3. e3 Bg4 4.
Be2 c6 5. O-O Nbd7 6. Nbd2 Qc7 7.
Ne5 Bxe2 8. Qxe2 Nxe5 9. dxe5 Qxe5 10. c4 e6 11. f4 Qc7 12. e4 dxe4 13. Nxe4 Be7 14.
f5 O-O 15. fxe6 fxe6 16. Ng5 Qb6+ 17. Kh1 Kh8 18. Qxe6 Ng4 19. Nf7+ Rxf7 20. Qxf7 Bf6 21. h3 Nf2+ 22. Kh2 Rd8 23. Bf4 Qd4 24. Rad1 Nxd1 25. Rxd1 Qxd1 26. Bh6 Qd7 27. Qxd7 Rxd7 28. Be3 Re7 29.
Bxa7 Re4 30. b3 Re2 31. a3 Be5+ 32. Kg1 Bg3 33. Bf2 Bxf2+ 34. Kf1 Ra2 35. b4 Bg3 36.
b5 cxb5 37. cxb5 Rxa3 38. Ke2 Rb3 39. b6 Bd6 0-1

[Event "Early-Titled-Tuesday-Blitz-April-23-2024"]
[Site "Chess.com"]
[Date "2024.04.23"]
[Round "9"]
[White "Larkin-Vladislav"]
[Black "profedechess93"]
[Result "0-1"]
[WhiteElo "2857"]
[BlackElo "2690"]
[TimeControl "180+1"]
[EndTime "9:49:38 PDT"]
[Termination "profedechess93 won by checkmate"]

1. e4 e6 2. d4 d5 3. Nc3 Nf6 4. e5 Nfd7 5. Nce2 c5 6. c3 Nc6 7. Nf3 cxd4 8. cxd4 f6 9. exf6 Nxf6 10. Nc3 Bd6 11. Bb5 O-O 12. O-O Qc7 13. Re1 Ng4 14.
g3 Bd7 15. Ng5 Nxf2 16. Qh5 h6 17. Nxe6 Bxe6 18. Rxe6 Nxd4 19. Nxd5 Qc2 20. Ne3 Nh3+ 21. Qxh3 Qf2+ 22. Kh1 Nxb5 23. Qg4 Qe1+ 24. Kg2 Rf2+ 25. Kh3 Qg1 26. Nf1 Qxf1+ 27. Kh4 Qg2 28. h3 Bc7 29. Bxh6 Bd8+ 30. Kh5 Qd5+ 31. Kg6 Qd3+ 32. Re4 Qd5 33. Qe6+ Qxe6+ 34. Rxe6 gxh6 35. Rd1 Rf7 36.
g4 Rg7+ 37. Kh5 Rg5+ 38. Kxh6 Rg7 39. Rd5 Nc7 40. Rd7 Nxe6 41. Rd6 Bg5+ 42. Kh5 Nf4# 0-1

[Event "Early-Titled-Tuesday-Blitz-April-23-2024"]
[Site "Chess.com"]
[Date "2024.04.23"]
[Round "9"]
[White "Grandelicious"]
[Black "LikeWater"]
[Result "1-0"]
[WhiteElo "2894"]
[BlackElo "2678"]
[TimeControl "180+1"]
[EndTime "9:49:39 PDT"]
[Termination "Grandelicious won by resignation"]

1. e4 e5 2. Nf3 d6 3. d4 exd4 4. Nxd4 Nf6 5. Nc3 Be7 6. h3 O-O 7. g4 c6 8. Bg2 a5 9. O-O Na6 10. Nce2 d5 11. e5 Ne4 12. f3 Nec5 13. Ng3 f6 14.
exf6 Bxf6 15. Nh5 Ne6 16. Nxf6+ Qxf6 17. Be3 Nf4 18. Qd2 Nc5 19. Rae1 Bd7 20. Nf5 Bxf5 21. Bxc5 Bg6 22. Bxf8 Rxf8 23. c3 Bd3 24. Rf2 Qh4 25. Kh2 Rf6 26. Re8+ Kf7 27. Qe3 Nxh3 28. Bxh3 Rh6 29.
f4 Be4 30. Rxe4 dxe4 31. g5 Rd6 32. Qg3 Qh5 33. Qg4 Qxg4 34. Bxg4 e3 35. Re2 Rd2 36. Rxd2 exd2 37. Kg2 h6 38. gxh6 gxh6 39. Kf2 Kg6 40. Ke2 h5 41. Bxh5+ Kxh5 42. Kxd2 Kg4 43. Ke3 Kf5 44. c4 b5 45. c5 1-0

[Event "Early-Titled-Tuesday-Blitz-April-23-2024"]
[Site "Chess.com"]
[Date "2024.04.23"]
[Round "9"]
[White "Roedor"]
[Black "Mihajlovskij"]
[Result "1-0"]
[WhiteElo "2345"]
[BlackElo "2179"]
[TimeControl "180+1"]
[EndTime "9:49:39 PDT"]
[Termination "Roedor won on time"]

1. c4 Nf6 2. g3 g6 3. Bg2 Bg7 4.
Nc3 O-O 5. Nf3 d6 6. O-O c5 7. d4 Nc6 8. dxc5 dxc5 9. Be3 Qa5 10. Qb3 Qb4 11. Nd5 Qxb3 12. axb3 Nxd5 13. cxd5 Nb4 14. Bxc5 Nxd5 15. Bd4 Bxd4 16. Nxd4 Nf6 17. Rfc1 Rd8 18.
Nb5 a6 19. Nc7 Rb8 20. Rd1 Bd7 21. e3 Kf8 22. b4 Bg4 23. Rxd8+ Rxd8 24. h3 Bc8 25.
Rc1 e6 26. g4 h5 27. g5 Nd7 28. b5 axb5 29. Nxb5 Ne5 30. Rc7 Nc6 31. Bxc6 bxc6 32. Rxc6 Bd7 33. Rb6 Ke7 34. Nd4 e5 35. Nf3 e4 36.
Nd4 Bxh3 37. Nc6+ Kd7 38. Nxd8 Kxd8 39. Rb7 Be6 40. b4 Kc8 41. Ra7 Kb8 42. Re7 Kc8 43.
Kh2 Kd8 44. Ra7 Kc8 45. Kg3 Kb8 46. Rxf7 Kc8 47. Re7 1-0

[Event "Early-Titled-Tuesday-Blitz-April-23-2024"]
[Site "Chess.com"]
[Date "2024.04.23"]
[Round "9"]
[White "shimastream"]
[Black "FXDon77"]
[Result "1-0"]
[WhiteElo "3053"]
[BlackElo "2856"]
[TimeControl "180+1"]
[EndTime "9:49:40 PDT"]
[Termination "shimastream won by checkmate"]

1. d4 Nf6 2. Bg5 d5 3. Nd2 e6 4.
e3 h6 5. Bh4 Be7 6. Bd3 b6 7.
f4 Bb7 8. Bxf6 Bxf6 9. Ngf3 c5 10. c3 Nc6 11. O-O O-O 12. Ne5 Qc8 13. Qh5 Bxe5 14. fxe5 Ba6 15. Qe2 Bxd3 16. Qxd3 Qd8 17. Rf2 f5 18. exf6 Rxf6 19. Rxf6 Qxf6 20. Rf1 Qe7 21. Qb5 Qd6 22. Nb3 c4 23. Nd2 Rf8 24. Rxf8+ Kxf8 25. Nf3 Kg8 26. b3 cxb3 27. axb3 Qc7 28. c4 Qd7 29. h3 Kh7 30. Qa4 Kg8 31. c5 Qb7 32. Qb5 Kh7 33. b4 Kh8 34. Nh4 Kg8 35.
Ng6 Kh7 36. Nf8+ Kg8 37. Nxe6 Qd7 38. Nf4 bxc5 39. bxc5 a5 40. Ng6 Qe6 41. Qxc6 Qxe3+ 42. Kh2 Qxd4 43. Qe6+ Kh7 44. c6 Qc5 45. Ne7 h5 46.
Qg6+ Kh8 47. Qxh5# 1-0

[Event "Early-Titled-Tuesday-Blitz-April-23-2024"]
[Site "Chess.com"]
[Date "2024.04.23"]
[Round "9"]
[White "Shtembuliak"]
[Black "Jospem"]
[Result "0-1"]
[WhiteElo "2880"]
[BlackElo "3076"]
[TimeControl "180+1"]
[EndTime "9:49:40 PDT"]
[Termination "Jospem won by resignation"]

1. c4 c5 2. Nf3 Nc6 3. Nc3 g6 4. e3 Bg7 5. d4 d6 6. d5 Na5 7. h3 Nf6 8. e4 O-O 9. Bd3 e5 10.
g4 a6 11. Bg5 Bd7 12. Qc1 b5 13. b3 Rb8 14. Ne2 Qb6 15. Ng3 Kh8 16. Rg1 Ng8 17. Bd2 Nb7 18. Rb1 Qd8 19. Ke2 Qe7 20. Bg5 Bf6 21. Be3 Bg7 22. Qa3 Rfc8 23. Qc1 Nd8 24. Qd2 f6 25. Nh2 Nf7 26. h4 Bh6 27.
f3 Bxe3 28. Qxe3 a5 29. Nhf1 Qd8 30. Nd2 Ne7 31. Rh1 Kg7 32. Rbg1 a4 33. g5 fxg5 34.
hxg5 axb3 35. axb3 bxc4 36. Bxc4 Qa5 37. Rh2 Rh8 38. f4 exf4 39. Qxf4 Ng8 40. Rgh1 Rf8 41. Nf5+ gxf5 42. exf5 Re8+ 43. Kf2 Re5 44. f6+ Kf8 45.
Rxh7 Rxh7 46. Rxh7 Rf5 47. Qxf5 Be6 48. Nf3 Bxf5 49.
Rxf7+ Kxf7 0-1

[Event "Early-Titled-Tuesday-Blitz-April-23-2024"]
[Site "Chess.com"]
[Date "2024.04.23"]
[Round "9"]
[White "DinaBelenkaya"]
[Black "sterpfi"]
[Result "0-1"]
[WhiteElo "2416"]
[BlackElo "2277"]
[TimeControl "180+1"]
[EndTime "9:49:40 PDT"]
[Termination "sterpfi won by resignation"]

1. e4 e6 2. Qe2 c5 3. g3 Nc6 4. Bg2 g6 5. Nf3 Bg7 6. O-O Nge7 7. c3 O-O 8. d4 cxd4 9. cxd4 d5 10. e5 Qb6 11. Rd1 f6 12. exf6 Bxf6 13. Bh6 Rf7 14. Be3 Nf5 15. Qd2 Nxe3 16. fxe3 e5 17. dxe5 Nxe5 18.
Nxe5 Bxe5 19. Bxd5 Qxb2 20. Rf1 Qxa1 21. Rxf7 Kh8 22.
Rf8+ Kg7 23. Rg8+ Kf6 24. Rf8+ Kg7 25. Rg8+ Kf6 26. Qf2+ Bf5 27. Rxa8 Qxb1+ 28. Kg2 Kg5 29. Re8 Be4+ 30. Bxe4 Qxe4+ 31. Kg1 Qb1+ 32. Kg2 Qe4+ 33. Qf3 Qc2+ 34. Kh3 Qf5+ 35. Qxf5+ Kxf5 36. Re7 h5 37.
Rxb7 Ke4 38. Rxa7 Kxe3 39. Ra6 g5 40. Rf6 Bxf6 41. g4 h4 42. a4 Bc3 43. Kg2 Kf4 44.
Kh3 Ba5 45. Kg2 Kxg4 46. Kh1 Kf3 47. h3 Kg3 48. Kg1 Kxh3 49. Kh1 g4 0-1

[Event "Early-Titled-Tuesday-Blitz-April-23-2024"]
[Site "Chess.com"]
[Date "2024.04.23"]
[Round "9"]
[White "UnTucopalaTimba"]
[Black "JaackCamel"]
[Result "0-1"]
[WhiteElo "2023"]
[BlackElo "2204"]
[TimeControl "180+1"]
[EndTime "9:49:40 PDT"]
[Termination "JaackCamel won by resignation"]

1. e4 e6 2. d4 d5 3. Nd2 c5 4. exd5 Qxd5 5. Ngf3 cxd4 6. Nb3 Nc6 7. Nbxd4 Nxd4 8.
Qxd4 Qxd4 9. Nxd4 a6 10. Bf4 Ne7 11. Bd3 Nd5 12. Bd2 Bc5 13. Nf3 Bd7 14. O-O O-O 15. a3 Rac8 16. Ne5 Be8 17. Rad1 Bd6 18. Nc4 Bb8 19. g3 Ba7 20. Rfe1 Rd8 21. Ne3 Bc6 22. Ng4 Bb8 23. Ne5 Bxe5 24. Rxe5 Ne7 25. Rde1 Rd7 26.
Bb4 Rfd8 27. h4 Nd5 28. Bd2 h6 29. f4 Nf6 30. Bc3 Ng4 31. R5e2 b5 32. Rd2 h5 33. Rdd1 Bf3 34. Ra1 Bb7 35. a4 Bc6 36. b3 Rxd3 37.
cxd3 Rxd3 38. Rac1 Rxg3+ 39. Kf1 Bf3 40. Bd4 Rg2 41.
Rc8+ Kh7 42. Re3 Nh2+ 43. Ke1 Bg4 44. Rec3 Nf3+ 45. Kd1 Nxd4+ 0-1

[Event "Early-Titled-Tuesday-Blitz-April-23-2024"]
[Site "Chess.com"]
[Date "2024.04.23"]
[Round "9"]
[White "frederiksvane"]
[Black "maciek_92"]
[Result "1-0"]
[WhiteElo "3039"]
[BlackElo "2853"]
[TimeControl "180+1"]
[EndTime "9:49:41 PDT"]
[Termination "frederiksvane won by resignation"]

1. b3 e5 2. Bb2 Nc6 3. c4 f5 4. g3 Nf6 5. Bg2 d6 6. e3 Be7 7. Ne2 O-O 8. O-O Qe8 9. Nbc3 Bd8 10. d4 Kh8 11. Qc2 a5 12. Rad1 Qh5 13. dxe5 dxe5 14.
Nd5 f4 15. exf4 Ng4 16. h3 Nh6 17. fxe5 Bxh3 18. Nef4 Bf5 19. Nxh5 Bxc2 20. e6 Bxd1 21. Rxd1 Rg8 22. Be4 Ng4 23. f3 Nge5 24. f4 Ng4 25.
Bf3 Nh6 26. g4 a4 27. b4 Ne7 28. Nxe7 Bxe7 29. Rd7 a3 30. Bc3 Rae8 31. Rxc7 Bf8 32. f5 Re7 33. Rc8 b6 34. Kg2 Ra7 35. Kh3 Bd6 36. Rc6 Be7 37. Be4 Bg5 38. Rxb6 Rc8 39.
c5 Ng8 40. Rd6 Nf6 41. Nxf6 Bxf6 42. Bxf6 gxf6 43. g5 Kg7 44. Rd7+ Rxd7 45. exd7 Rd8 46. c6 1-0

[Event "Early-Titled-Tuesday-Blitz-April-23-2024"]
[Site "Chess.com"]
[Date "2024.04.23"]
[Round "9"]
[White "abelmat"]
[Black "rhwr"]
[Result "0-1"]
[WhiteElo "2061"]
[BlackElo "2292"]
[TimeControl "180+1"]
[EndTime "9:49:41 PDT"]
[Termination "rhwr won on time"]

1. d4 c5 2. c4 cxd4 3. Nf3 Nc6 4. Nxd4 Nf6 5. g3 Nxd4 6. Qxd4 g6 7. Bg2 Bg7 8. O-O O-O 9. Nc3 d6 10. c5 dxc5 11.
Qxc5 Nd7 12. Qa3 a6 13. Be3 Ne5 14. Nd5 Nc4 15. Nxe7+ Kh8 16. Qc5 Nxe3 17. fxe3 Be6 18. Rad1 Qe8 19. Bxb7 Rb8 20. Bc6 Bd7 21. Rxd7 Rxb2 22.
Rb7 Rxb7 23. Bxe8 Rxe8 24. Nd5 Kg8 25. Nf6+ Bxf6 26. Rxf6 Rbe7 27. Rf3 Re6 28. Kf2 h5 29. h4 Kg7 30. Qd4+ Kg8 31. Rf6 Rxf6+ 32. Qxf6 Re6 33. Qd8+ Kg7 34. Qd4+ Kg8 35. a4 Kf8 36. e4 Ke7 37. e5 Kf8 38. Kf3 Kg7 39. Kf4 Kf8 40. e4 Kg7 41. Kg5 Kh7 42. Kf4 Kg7 43. a5 Kh7 44. Qd7 Kg7 45. Qb7 Kg8 46. Qb8+ Kg7 47. Qb3 Kg8 48. Qb2 Kg7 49. Kg5 Kh7 50. Qb7 Kg7 0-1

[Event "Early-Titled-Tuesday-Blitz-April-23-2024"]
[Site "Chess.com"]
[Date "2024.04.23"]
[Round "9"]
[White "ChainedDowntohell"]
[Black "Doublekk14"]
[Result "1-0"]
[WhiteElo "2571"]
[BlackElo "2382"]
[TimeControl "180+1"]
[EndTime "9:49:42 PDT"]
[Termination "ChainedDowntohell won on time"]

1. d4 Nf6 2. c4 e6 3. Nf3 d5 4. g3 c5 5. cxd5 exd5 6. Bg2 h6 7.
O-O Nc6 8. b3 Be7 9. Ba3 cxd4 10. Nxd4 O-O 11. Bxe7 Qxe7 12. Nc3 Be6 13. Qd3 Qb4 14.
Nxc6 bxc6 15. Rac1 Nd7 16. Na4 Qd6 17. e4 Nb6 18.
Nc5 Nd7 19. Nxd7 Qxd7 20. Rfd1 Rfd8 21. Rc5 Qd6 22. Qd4 a5 23. exd5 cxd5 24. Bxd5 a4 25.
bxa4 Ra7 26. Qe3 Rad7 27. Bf3 Qe7 28. Rxd7 Qxd7 29. a5 Rb8 30. h4 Kh8 31. Kh2 Qe8 32. a6 Qd7 33. Ra5 Rb2 34. a7 Bd5 35. Rxd5 Qc8 36.
Ra5 Qd8 37. a8=Q Qxa8 38. Rxa8+ Kh7 39. Qe4+ g6 40. Qe5 Rxf2+ 41. Kg1 Rg2+ 42. Kxg2 1-0

[Event "Early-Titled-Tuesday-Blitz-April-23-2024"]
[Site "Chess.com"]
[Date "2024.04.23"]
[Round "9"]
[White "GeorgiosSouleidis"]
[Black "Flaccidmoves"]
[Result "1-0"]
[WhiteElo "2647"]
[BlackElo "2447"]
[TimeControl "180+1"]
[EndTime "9:49:42 PDT"]
[Termination "GeorgiosSouleidis won by resignation"]

1. e4 Nf6 2. e5 Nd5 3. d4 d6 4. Nf3 dxe5 5. Nxe5 c6 6. Be2 Bf5 7. O-O Nd7 8. Nf3 e6 9. c4 N5f6 10. Nc3 Bd6 11. c5 Bc7 12. Qb3 b5 13. cxb6 Nxb6 14. Bg5 O-O 15. Rac1 h6 16. Bh4 Rb8 17. Bg3 Bxg3 18.
hxg3 Nbd5 19. Qa3 Qb6 20. Na4 Qb4 21. Qxb4 Rxb4 22. b3 Be4 23. Rfd1 Ne7 24. Ne5 Rd8 25. f3 Bd5 26. Kf2 Nf5 27. Nxc6 Bxc6 28. Rxc6 Rbxd4 29. Rxd4 Rxd4 30. Rc8+ Kh7 31. g4 Ne7 32. Rc7 Rd7 33.
Rxd7 Nxd7 34. Ke3 Kg6 35. Bb5 Nd5+ 36. Kd4 N7b6 37. Nxb6 axb6 38. Bc4 Nc7 39. a4 Kf6 40. b4 Ke7 41. a5 bxa5 42. bxa5 Kd6 43. f4 Kc6 44. f5 Kd6 45. a6 e5+ 46. Ke4 Na8 47. Bxf7 Nb6 48. a7 Kc7 49. Bd5 1-0

[Event "Early-Titled-Tuesday-Blitz-April-23-2024"]
[Site "Chess.com"]
[Date "2024.04.23"]
[Round "9"]
[White "HATilay"]
[Black "MyDream003"]
[Result "0-1"]
[WhiteElo "2651"]
[BlackElo "2823"]
[TimeControl "180+1"]
[EndTime "9:49:43 PDT"]
[Termination "MyDream003 won by checkmate"]

1. e4 c6 2. d4 d5 3. e5 Bf5 4. Bd3 Bxd3 5. Qxd3 e6 6. Ne2 Qa5+ 7. Nbc3 Qa6 8. Qh3 Nd7 9. a4 Ne7 10. O-O Nf5 11. b3 Bb4 12. Bb2 Bxc3 13. Nxc3 Nxd4 14. Qg4 Nf5 15. Rfe1 Qb6 16. Rad1 h5 17. Qf4 O-O-O 18.
a5 Qc7 19. a6 b6 20. Na4 g5 21.
Qd2 g4 22. c4 dxc4 23. Qc2 cxb3 24. Qxb3 b5 25. Nc3 Nb6 26. Ne4 Nc4 27. Rc1 Rd5 28.
Nd6+ Kd7 29. Nxc4 bxc4 30. Rxc4 Rb8 31. Qc2 Rb6 32. Ra4 Ke8 33. Qc1 Kd7 34. Ba1 Rbb5 35. Qg5 Qd8 36. Qxh5 Qg8 37. Rc4 Rb6 38. Rec1 Qg6 39.
Qh8 Qg5 40. Qa8 Qd2 41. Qxa7+ Ke8 42. Qxb6 Qd1+ 43. Rxd1 Rxd1# 0-1

[Event "Early-Titled-Tuesday-Blitz-April-23-2024"]
[Site "Chess.com"]
[Date "2024.04.23"]
[Round "9"]
[White "rasmussvane"]
[Black "Kirill_Klukin"]
[Result "1/2-1/2"]
[WhiteElo "2959"]
[BlackElo "2847"]
[TimeControl "180+1"]
[EndTime "9:49:44 PDT"]
[Termination "Game drawn by repetition"]

1. Nf3 d5 2. g3 Nf6 3. Bg2 e6 4. O-O Be7 5. c4 O-O 6. b3 b6 7. d4 Bb7 8. Nc3 Nbd7 9. Bb2 c5 10. Ne1 cxd4 11. Qxd4 Bc5 12. Qd2 Ne4 13. Nxe4 dxe4 14. Rd1 Nf6 15. Qc2 Qe7 16. Bxf6 Qxf6 17. Bxe4 Bxe4 18.
Qxe4 Rad8 19. Nd3 Rd4 20. Qb7 Rfd8 21. Qxa7 e5 22. Kg2 e4 23. Nxc5 Rxd1 24. Rxd1 Rxd1 25. Nxe4 Qd8 26. h4 h6 27. Qb7 Re1 28. e3 Qd3 29. Qc8+ Kh7 30. Qf5+ Kh8 31. Qc8+ Kh7 32. Qf5+ Kh8 33.
Qf3 Qf1+ 34. Kh2 f5 35. Nd6 Re2 36. Ne4 fxe4 37. Qf8+ Kh7 38. Qf5+ Kg8 39. Qe6+ Kf8 40. Qf5+ Ke7 41. Qe5+ Kd7 42. Qd5+ Kc7 43. Qf7+ Kb8 44.
Qe8+ Kb7 45. Qd7+ Kb8 46. Qd8+ Ka7 47. Qd7+ Ka6 48. Qa4+ Kb7 49. Qd7+ Kb8 50. Qd8+ Kb7 51. Qd7+ 1/2-1/2

[Event "Early-Titled-Tuesday-Blitz-April-23-2024"]
[Site "Chess.com"]
[Date "2024.04.23"]
[Round "9"]
[White "jefferyx"]
[Black "mbojan"]
[Result "1-0"]
[WhiteElo "3108"]
[BlackElo "2923"]
[TimeControl "180+1"]
[EndTime "9:49:45 PDT"]
[Termination "jefferyx won by checkmate"]

1. b4 a6 2. e3 h6 3. Bb2 Nf6 4. Nf3 e6 5. a3 Be7 6. Rg1 d5 7. g4 Nbd7 8. h4 c5 9. g5 hxg5 10. hxg5 Nh5 11. Rh1 Rh7 12. g6 fxg6 13. Bd3 Nf8 14.
Ne5 Nf6 15. Rxh7 N6xh7 16. Qg4 Bf6 17. Bxg6+ Ke7 18. bxc5 Bd7 19. f4 Rc8 20. Bd4 Nxg6 21. Qxg6 Qg8 22. Nc3 Nf8 23. Qg3 Bxe5 24. Bxe5 Rxc5 25.
f5 Kf7 26. fxe6+ Bxe6 27. O-O-O Nd7 28. Rf1+ Ke8 29. Ne2 d4 30. Bxd4 Rc6 31. Nc3 g6 32. Rh1 Qf7 33. Rh8+ Nf8 34. Qe5 Qe7 35. Kb2 Bc8 36. Qf4 Bf5 37. e4 Bc8 38. Nd5 Qf7 39.
Qe5+ Qe6 40. Nc7+ Rxc7 41. Qxc7 Qd7 42. Qxd7+ Bxd7 43. Bc5 Kf7 44. Rxf8+ Ke6 45. Bd4 Bc6 46. Rf6+ Ke7 47. d3 Bxe4 48. dxe4 g5 49. Rb6 a5 50. Rxb7+ Ke6 51. Rb6+ Kd7 52. Kc3 g4 53. Kc4 g3 54.
Kd5 g2 55. Rb7+ Ke8 56. Ke6 g1=Q 57. Rb8# 1-0

[Event "Early-Titled-Tuesday-Blitz-April-23-2024"]
[Site "Chess.com"]
[Date "2024.04.23"]
[Round "9"]
[White "Fh2411"]
[Black "baki83"]
[Result "0-1"]
[WhiteElo "2567"]
[BlackElo "2888"]
[TimeControl "180+1"]
[EndTime "9:49:46 PDT"]
[Termination "baki83 won on time"]

1. d4 d5 2. Nf3 Nf6 3. Bf4 Bf5 4. c4 e6 5. Nc3 Bb4 6. Qb3 Nc6 7. a3 Bxc3+ 8. bxc3 Na5 9. Qa4+ c6 10. c5 b5 11. Qd1 Ne4 12. Qc1 Nb3 13. Qb2 Nxa1 14. Qxa1 Qa5 15. Bd2 O-O 16. e3 Nxd2 17. Nxd2 Qc7 18. Be2 a5 19. O-O e5 20. Qb2 Rfe8 21. h3 exd4 22. cxd4 h6 23. Rc1 Bg6 24. Bf1 Re6 25.
Ra1 Rae8 26. Qc3 Bh5 27. Nb3 Ra8 28. Nc1 Bg6 29. Ne2 Be4 30. Ng3 Ree8 31. Ra2 b4 32. Qb3 bxa3 33. Qxa3 Bg6 34. Ne2 Reb8 35. Nc3 Bb1 36.
Rb2 Rxb2 37. Qxb2 Rb8 38. Qc1 Bf5 39. Na4 Rb1 40. Qd2 Qb7 41. e4 Bxe4 42. Nc3 Ra1 43. f3 Bf5 44. Kf2 Qb4 45. Qe3 Be6 0-1

[Event "Early-Titled-Tuesday-Blitz-April-23-2024"]
[Site "Chess.com"]
[Date "2024.04.23"]
[Round "9"]
[White "ZachHKL"]
[Black "VirtualCoach"]
[Result "1-0"]
[WhiteElo "2290"]
[BlackElo "2007"]
[TimeControl "180+1"]
[EndTime "9:49:46 PDT"]
[Termination "ZachHKL won by checkmate"]

1. c4 Nf6 2. g3 g6 3. Bg2 Bg7 4. b3 O-O 5. Bb2 c5 6. Nf3 d6 7. O-O e5 8. e3 Nc6 9. d4 exd4 10. exd4 Nd7 11. Qd2 cxd4 12. Nxd4 Nxd4 13. Bxd4 Ne5 14. Nc3 Bf5 15. f4 Nc6 16. Bxg7 Kxg7 17. Rad1 Qb6+ 18. Kh1 Rad8 19. Nd5 Qc5 20. Qc3+ f6 21. b4 Nxb4 22. Qxb4 Qxb4 23. Nxb4 Rc8 24. Rd4 b6 25. Re1 Rf7 26. Bd5 Rfc7 27. Na6 Rd7 28. Be6 Re8 29. Bxd7 Rxe1+ 30. Kg2 Bxd7 31. Rxd6 Bf5 32. Kf2 Rc1 33. Rc6 Rc2+ 34. Ke3 Rxa2 35. Nb4 Rxh2 36. Rc7+ Kh6 37. Rxa7 Rh3 38. Kf3 g5 39. fxg5+ fxg5 40. Ra6 Rh1 41. Rxb6+ Bg6 42. c5 Rf1+ 43. Ke2 Rc1 44. c6 Kh5 45.
Nd5 Kg4 46. c7 Kxg3 47. Rb8 Be4 48. Kd2 Rc6 49. Rb3+ Kh4 50. Rb4 g4 51. Rxe4 Kg3 52.
Re3+ Kf2 53. Rc3 Rxc3 54. Nxc3 g3 55. c8=Q g2 56. Qf5+ Kg1 57. Ne2+ Kh1 58. Qh5# 1-0

[Event "Early-Titled-Tuesday-Blitz-April-23-2024"]
[Site "Chess.com"]
[Date "2024.04.23"]
[Round "9"]
[White "viviania"]
[Black "Nikolakis2014"]
[Result "0-1"]
[WhiteElo "2896"]
[BlackElo "2756"]
[TimeControl "180+1"]
[EndTime "9:49:47 PDT"]
[Termination "Nikolakis2014 won on time"]

1. Nf3 Nf6 2. g3 g6 3. Bg2 Bg7 4. c4 O-O 5. Nc3 d6 6. d4 Nbd7 7. O-O e5 8. e4 exd4 9. Nxd4 Re8 10. h3 Nc5 11. Re1 h6 12. Rb1 a5 13. b3 Nh7 14.
Kh2 Ng5 15. f4 Nge6 16. Nde2 Bd7 17. Bb2 Bc6 18. Nd5 Bxb2 19. Rxb2 Nd7 20. Rd2 Nec5 21. Nec3 Bxd5 22. cxd5 Qf6 23. Nb5 Rac8 24. a3 h5 25. h4 Qe7 26. b4 axb4 27. axb4 Na6 28. Rd4 Nf6 29. Bh3 Rcd8 30. e5 Nh7 31. Qd2 f5 32. Rc4 Qg7 33. e6 Nf6 34. Bg2 Ng4+ 35. Kh1 Re7 36. Rec1 Ra8 37. Nd4 Qf6 38. Qc3 Kg7 39. Nb5 Qxc3 40. R4xc3 Kf6 41. Kg1 Rd8 42. Bf3 Ra8 43.
Kg2 Nxb4 44. Rxc7 Ra2+ 45. Kg1 Nf2 46. Rxe7 Kxe7 0-1

[Event "Early-Titled-Tuesday-Blitz-April-23-2024"]
[Site "Chess.com"]
[Date "2024.04.23"]
[Round "9"]
[White "AsselLesbekova"]
[Black "RianKapriaga"]
[Result "1-0"]
[WhiteElo "2446"]
[BlackElo "2306"]
[TimeControl "180+1"]
[EndTime "9:49:47 PDT"]
[Termination "AsselLesbekova won by resignation"]

1. e4 c6 2. d4 d5 3. e5 Bf5 4. Nd2 e6 5. Nb3 h6 6. Nf3 Nd7 7. Bd3 Bxd3 8. Qxd3 c5 9. dxc5 Qc7 10. O-O Bxc5 11.
Nxc5 Nxc5 12. Qb5+ Qc6 13. Qxc6+ bxc6 14. Be3 Nd7 15. b4 Ne7 16. c3 Ng6 17. Bd4 a5 18. a3 O-O 19. Rfe1 Ra6 20. Nd2 Rfa8 21. Nb3 axb4 22. axb4 Rxa1 23. Rxa1 Rxa1+ 24. Nxa1 Ngxe5 25. Nb3 Nc4 26. f4 f6 27. Kf2 Kf7 28. Ke2 e5 29. fxe5 fxe5 30. Ba7 Ke6 31. Na5 Kd6 32. Bf2 Nxa5 33.
bxa5 Nb8 34. Bb6 c5 35. h4 h5 36. Kd3 Na6 37. Bd8 e4+ 38. Ke3 Ke5 39. Bb6 g6 40. g3 Kf5 41. Bd8 Kg4 42. c4 dxc4 43. Kxe4 Kxg3 44.
Kd5 c3 45. Kc6 c2 46. Bg5 c1=Q 47. Bxc1 Kxh4 48. Be3 Kg3 49. Kb7 Kf3 50. Bg1 c4 51. Kxa6 c3 52. Bd4 c2 53. Bb2 h4 54.
Kb6 h3 55. a6 h2 56. a7 Kf2 57. a8=Q Kg1 58. Bd4+ Kf1 59. Qh1+ Ke2 60. Qxh2+ Kd3 61. Bb2 1-0

[Event "Early-Titled-Tuesday-Blitz-April-23-2024"]
[Site "Chess.com"]
[Date "2024.04.23"]
[Round "9"]
[White "mary-sanna"]
[Black "maracayo"]
[Result "0-1"]
[WhiteElo "2243"]
[BlackElo "2343"]
[TimeControl "180+1"]
[EndTime "9:49:47 PDT"]
[Termination "maracayo won by checkmate"]

1. d4 d6 2. c4 Nf6 3. Nc3 e5 4. d5 Be7 5. e4 O-O 6. Be2 Ne8 7. g4 g6 8. Bh6 Ng7 9. Qd2 f5 10. gxf5 gxf5 11. O-O-O Rf6 12. Kb1 f4 13. Bg5 Rg6 14. Bxe7 Qxe7 15. Nf3 Nd7 16. Rdg1 Nf6 17. Rxg6 hxg6 18.
Rg1 Bg4 19. Ng5 Bd7 20. h4 Rf8 21. Bf3 Kh8 22. Qe2 Nfh5 23. Bg4 f3 24. Bxf3 Rf4 25. Bg4 Bxg4 26. Rxg4 Qf6 27. f3 Rxg4 28. fxg4 Ng3 29.
Qe3 Qf1+ 30. Kc2 Qg2+ 31. Kb3 Nf1 32. Ka3 Nxe3 33. Nf7+ Kg8 34. Ng5 Nxc4+ 35. Kb3 Nd2+ 36. Ka3 Nf3 37. Ne6 Nd4 38. Nxc7 a6 39. Ne8 Nxe8 40.
Kb4 b6 41. Ka4 Qc2+ 42. Ka3 b5 43. Nxb5 axb5 44. h5 Qa4# 0-1